 Dungeon Crawl Stone Soup version 0.26.1-11-gd32895ea62 (webtiles) character file.

Game seed: 2405117360796660032

32399 infcreate the Unseen (level 13, -12/76 HPs)
             Began as a Vampire Enchanter on July 9, 2021.
             Was a High Priest of Kikubaaqudgha.
             Mangled by an eight-headed hydra (16 damage)
             ... on level 2 of the Lair of Beasts.
             The game lasted 01:21:56 (19363 turns).

infcreate the Unseen (Vampire Enchanter)           Turns: 19363, Time: 01:21:57

Health: -12/76     AC:  9    Str:  7    XL:     13   Next: 31%
Magic:  12/23      EV: 21    Int: 25    God:    Kikubaaqudgha [*****.]
Gold:   295        SH:  6    Dex: 18    Spells: 3/26 levels left

rFire    . . .     SeeInvis +   g - +12 Vampire's Tooth {vamp}
rCold    + + +     Faith    .   M - +1 buckler
rNeg     + + +     Spirit   .   D - +1 robe {rC+}
rPois    ∞         Reflect  .   p - +2 helmet
rElec    .         Harm     .   E - scarf {repulsion}
rCorr    .         Rampage  .   v - +1 pair of gloves
Will     +....                  J - +0 pair of boots
Stlth    +++++++++.             A - amulet of the acrobat
HPRegen  0.00/turn              Q - ring of stealth
MPRegen  0.18/turn              I - +6 ring of intelligence

@: confusing touch, bloodless, repel missiles
A: fangs 3, see invisible, unbreathing
a: Bat Form, Revivify, Renounce Religion, Receive Corpses, Torment


You were on level 2 of the Lair of Beasts.
You worshipped Kikubaaqudgha.
Kikubaaqudgha was extremely pleased with you.
You visited 3 branches of the dungeon, and saw 15 of its levels.

You collected 1050 gold pieces.
You spent 755 gold pieces at shops.


Innate Abilities, Weirdness & Mutations

You do not regenerate when monsters are visible.
You are frail without blood (-20% HP).
You can heal yourself when you bite living creatures.
You are immune to poison.
You have razor-sharp teeth.
You have supernaturally acute eyesight. (SInv)
You can survive without breathing.


   Skills:
 + Level 6.6 Fighting
 * Level 11.3 Short Blades
 * Level 11.5 Dodging
 * Level 15.6 Stealth
 + Level 3.9 Shields
 + Level 7.0 Spellcasting
 - Level 10.2 Hexes
 + Level 7.1 Necromancy


You had 3 spell levels left.
You knew the following spells:

 Your Spells              Type           Power        Failure   Level
a - Animate Dead          Necr           22%          3%          4
c - Corona                Hex            63%          1%          1
d - Tukima's Dance        Hex            57%          1%          3
e - Ensorcelled Hibernat  Hex/Ice        68%          1%          2
f - Dazzling Flash        Conj/Hex       68%          2%          3
n - Dispel Undead         Necr           44%          3%          4
t - Confusing Touch       Hex            57%          1%          3
v - Vampiric Draining     Necr           22%          1%          3

Your spell library contained the following spells:

 Spells                   Type           Power        Failure   Level
 Pain                     Necr           100%         1%          1
 Sublimation of Blood     Necr           22%          1%          2
 Corpse Rot               Necr/Air       N/A          2%          2
 Apportation              Tloc           16%          7%          1
 Freeze                   Ice            32%          7%          1
 Passwall                 Tmut/Erth      6%           10%         2
 Swiftness                Air            8%           10%         2
 Frozen Ramparts          Ice            16%          21%         3
 Lesser Beckoning         Tloc           4%           21%         3
 Ozocubu's Armour         Ice            8%           21%         3
 Cause Fear               Hex            28%          1%          4
 Excruciating Wounds      Necr           22%          10%         5
 Invisibility             Hex            57%          16%         6
 Silence                  Hex/Air        17%          22%         5
 Yara's Violent Unravell  Hex/Tmut       17%          22%         5
 Borgnjor's Vile Clutch   Necr/Erth      13%          38%         5
 Death Channel            Necr           22%          50%         6
 Hailstorm                Conj/Ice       8%           54%         4
 Passage of Golubria      Tloc           N/A          54%         4
 Summon Ice Beast         Ice/Summ       8%           54%         4
 Alistair's Intoxication  Tmut/Pois      5%           88%         5
 Lee's Rapid Deconstruct  Erth           4%           88%         5
 Discord                  Hex            28%          100%        8

Inventory:

Hand Weapons
 g - the +12 Vampire's Tooth (weapon) {vamp}
   (You acquired it on level 2 of the Lair of Beasts)

   It inflicts no extra harm, but heals its wielder when it wounds a living foe.
 K - a +3 dagger of electrocution
Missiles
 k - 2 throwing nets {=f}
Armour
 p - a +2 helmet (worn)
 v - a +1 pair of gloves (worn)
 D - a +1 robe of cold resistance (worn)
 E - a scarf of repulsion (worn)
 F - a scarf of resistance
 J - a +0 pair of boots (worn)
 M - a +1 buckler (worn)
Jewellery
 a - an uncursed ring of fire {unknown}
 q - an uncursed ring of stealth
 A - an amulet of the acrobat (around neck)
 I - a +6 ring of intelligence (right hand)
 Q - a ring of stealth (left hand)
Wands
 s - a wand of disintegration (27)
 w - a wand of random effects (19)
 B - a wand of iceblast (8)
 H - a wand of flame (51)
 L - a wand of digging (6)
Scrolls
 d - 8 scrolls of teleportation {@r4}
 e - 2 scrolls of amnesia
 j - 6 scrolls of identify {@r1}
 l - 3 scrolls of fog
 m - 5 scrolls of remove curse {@r2}
 o - a scroll of blinking
 r - a scroll of silence {!r}
 u - a scroll of fear
 y - a scroll of torment
 z - 2 scrolls of summoning
 C - 4 scrolls of magic mapping
Potions
 b - 5 potions of resistance
 c - 5 potions of attraction
 f - 10 potions of curing {@q1}
 h - 3 potions of invisibility
 i - 3 potions of flight
 n - 2 potions of ambrosia
 t - 3 potions of heal wounds {@q2}
 x - 3 potions of brilliance

Dungeon Overview and Level Annotations

Branches:
Dungeon (11/15)            Temple (1/1) D:5            Lair (3/6) D:9
  Swamp (0/4) Lair:2          Orc (0/2) D:10
  Snake: Lair:2-4    Spider: Lair:2-4

Altars:
Ashenzari
Cheibriados
Dithmenos
Elyvilon
Fedhas
Gozag
Hepliaklqana
Kikubaaqudgha
Makhleb
Nemelex Xobeh
Okawaru
Qazlal
Ru
Sif Muna
Trog
Uskayaw
Vehumet
Wu Jian
Xom
Zin
The Shining One

Shops:
D:4 }   D:6 =   D:8 =   D:10 :   D:11 [

Annotations:
D:9 2 transporters, Gastronok; Tommers's ghost, novice HOMo

#.####.P....................#
......P.....................#
................<#.##.###...#
...###########...##..####...#
...#...#.#.#.##.............#
............................#
..................#####.....##
#...#.#..######..D## ##.#..P#
....##########..@..########.##
.................>..........#
............................##
.........######†......##....P#
.........#...#.##..#####....##
.............................#
............................##
........#.##................#
##.....######...............#


You could see an eight-headed hydra.


Message History

The eight-headed hydra bites you!
The eight-headed hydra bites you but does no damage.
You hit the eight-headed hydra but do no damage.
The eight-headed hydra bites you! x2
* * * LOW HITPOINT WARNING * * *
The eight-headed hydra barely misses you.
The eight-headed hydra bites you!
* * * LOW HITPOINT WARNING * * *
The eight-headed hydra completely misses you.
The eight-headed hydra closely misses you.
The eight-headed hydra misses you. The eight-headed hydra bites you.
* * * LOW HITPOINT WARNING * * *
You hit the eight-headed hydra but do no damage.
You bite the eight-headed hydra, but do no damage.
You hit the eight-headed hydra but do no damage.
You hit the eight-headed hydra but do no damage.
You bite the eight-headed hydra, but do no damage.
You hit the eight-headed hydra but do no damage.
The eight-headed hydra bites you but does no damage.
You block the eight-headed hydra's attack.
The eight-headed hydra bites you.
* * * LOW HITPOINT WARNING * * *
The eight-headed hydra bites you!
* * * LOW HITPOINT WARNING * * *
The eight-headed hydra completely misses you. x2
The eight-headed hydra bites you!
* * * LOW HITPOINT WARNING * * *
The eight-headed hydra bites you!
You die...
Kikubaaqudgha rasps: "You have failed me!
Welcome... oblivion!"

Skill      XL: |  1  2  3  4  5  6  7  8  9 10 11 12 13 |
---------------+----------------------------------------+-----
Stealth        | 5 6 8 9 10 12 13 15 | 15.6
Short Blades   | 2 3 4 6 7 8 9 10 11 | 11.3
Hexes          | 5 6 7 8 9 10 | 10.2
Dodging        | 3 4 5 6 7 8 10 11 | 11.5
Fighting       | 1 2 3 4 5 6 |  6.6
Spellcasting   | 3 4 5 6 7 |  7.0
Necromancy     | 2 3 4 5 6 7 |  7.1
Shields        | 1 3 |  3.9

Action                   |  1- 3 |  4- 6 |  7- 9 | 10-12 | 13-15 || total
-------------------------+-------+-------+-------+-------+-------++-------
Melee: Dagger            |    89 |   236 |   327 |   180 |       ||   832
       Bite              |     2 |    13 |    47 |    57 |    12 ||   131
       Short sword       |       |       |    47 |   254 |       ||   301
       Rapier            |       |       |    23 |       |       ||    23
       Quick blade       |       |       |       |   141 |    87 ||   228
 Cast: Corona            |    13 |     2 |     1 |     1 |       ||    17
       Ensorcelled Hiber |    19 |    61 |    38 |   106 |    14 ||   238
       Confusing Touch   |       |    12 |    42 |    70 |    15 ||   139
       Dispel Undead     |       |       |       |     2 |       ||     2
       Animate Dead      |       |       |       |     3 |       ||     3
 Abil: Exsanguinate      |     1 |       |       |       |       ||     1
  Use: Scroll            |     1 |     3 |     6 |    17 |     2 ||    29
 Stab: Sleeping          |    35 |    50 |    34 |   109 |     8 ||   236
       Confused          |       |     9 |    44 |    68 |    12 ||   133
       Distracted        |       |       |     1 |     2 |       ||     3
Armor: Robe              |    17 |    12 |       |    32 |    16 ||    77
       Animal skin       |       |    12 |    51 |     6 |       ||    69
Dodge: Dodged            |    52 |   146 |   175 |   235 |   102 ||   710
Block: Buckler           |       |       |       |       |     9 ||     9

Levels and vault maps discovered:
D:1:      dpeg_cavernosity, layout_basic, interstate_on_off, eino_curves_01
D:2:      layout_loops_ring, lemuel_round_altar, uniq_robin
D:3:      layout_loops_ring, serial_glass, glass_columns_a, glass_columns_b,
          feat_on_display, feat_on_display, minmay_strange_pillars,
          ebering_ghost_gozag, hangedman_decor_points
D:4:      layout_loops_ring, lemuel_round_altar, old_standard_altar,
          serial_shops, nicolae_shop_waterfront, lexackson_kobold_supper
D:5:      layout_loops_ring, overflow_temple_1_default,
          minmay_temple_entry_ruins, tgw_xom, uniq_grinder
D:6:      corexii_shack_village, layout_loops_ring, evilmike_ruin_ashenzari,
          serial_shops, shop
D:7:      layout_basic, kennysheep_little_box, gammafunk_ghost_necromancy,
          minmay_small_thing
D:8:      minmay_the_grid_octo_tiled_octocenter
          [minmay_the_grid_octo_concentric, minmay_the_grid_octo_toaster,
          minmay_the_grid_octo_empty, minmay_the_grid_octo_checkered,
          minmay_the_grid_octo_prize_square_snowflake,
          minmay_the_grid_square_5x5_shrine1, minmay_the_grid_square_5x5_corner,
          minmay_the_grid_square_5x5_minimal, minmay_the_grid_square_5x5_mess],
          layout_basic, gammafunk_temple_overflow_wave,
          gammafunk_temple_overflow_statue, minmay_shop_enchanted_jewellery,
          uniq_pikel
D:9:      layout_irregular_city, marbit_many_paths,
          lemuel_zombie_altar_yredelemnul, lair_entry_dummy, basic_altar,
          serial_bayou, serial_bayou_ford_a, serial_bayou_shore_b,
          serial_bayou_pond_b, serial_bayou_shore_a, nzn_ghost_randoct,
          nicolae_ru_sacrificial_ziggurat, uniq_gastronok, uniq_erolcha
D:10:     layout_big_octagon, erik_orc_3, serial_glass, glass_columns_a,
          glass_columns_b, glass_columns_c, glass_columns_c, serial_shops,
          nicolae_shop_temple_entry_statues_fountains, minivault_24,
          minmay_guarded_unrand_finisher
D:11:     nzn_winding_woodlands_three_and_one
          [nzn_winding_woodlands_5x15_lazy_stream,
          nzn_winding_woodlands_5x15_default,
          nzn_winding_woodlands_5x15_concentric,
          nzn_winding_woodlands_center_pierced_h], layout_basic, serial_shops,
          shop, minmay_misc_feat_diagonals
Temple:   eino_wide_crystal_templ
Lair:1:   layout_roguey, cheibrodos_lair_caveside_slide, grunt_megastairs_3,
          uniq_joseph, uniq_sonja
Lair:2:   layout_long_grid, swamp_mist_pool, grunt_megastairs_1
Lair:3:   beast_lair_carwin_large_1, layout_hall_layers,
          nicolae_quartered_pool_little

Notes
Turn   | Place    | Note
-------+----------+-------------------------------------------
     0 | D:1      | infcreate the Vampire Enchanter began the quest for the
                  | Orb.
     0 | D:1      | Reached XP level 1. HP: 13/13 MP: 3/3
   432 | D:1      | Reached XP level 2. HP: 8/15 MP: 0/5
   436 | D:1      | Learned a level 2 spell: Ensorcelled Hibernation
  1155 | D:1      | Reached XP level 3. HP: 20/20 MP: 6/6
  1159 | D:1      | Learned a level 3 spell: Confusing Touch
  1280 | D:1      | Reached skill level 5 in Stealth
  1653 | D:1      | Reached skill level 2 in Short Blades
  2261 | D:2      | Reached skill level 5 in Hexes
  2264 | D:2      | Found a glowing silver altar of Zin.
  2271 | D:2      | Reached XP level 4. HP: 24/24 MP: 4/7
  2950 | D:2      | Reached skill level 3 in Dodging
  2977 | D:2      | Reached skill level 1 in Fighting
  3119 | D:2      | HP: 1/25 [adder (2)]
  3782 | D:2      | Noticed Robin
  4183 | D:2      | Killed Robin
  4184 | D:2      | Reached XP level 5. HP: 29/29 MP: 5/8
  4583 | D:3      | Found a runed translucent gate.
  4583 | D:3      | Found a runed translucent gate.
  4584 | D:3      | Found a runed translucent gate.
  4584 | D:3      | Found an opulent altar of Gozag.
  4587 | D:3      | Noticed an orc warrior
  4588 | D:3      | Noticed Statics's ghost (amateur DsGl)
  5034 | D:4      | Reached skill level 3 in Short Blades
  5034 | D:4      | Reached skill level 6 in Stealth
  5131 | D:4      | Found an opulent altar of Gozag.
  5133 | D:4      | Reached XP level 6. HP: 34/34 MP: 8/10
  5379 | D:4      | Reached skill level 6 in Hexes
  6000 | D:4      | Found Dughaon's Gadget Shop.
  6363 | D:4      | Found a hazy altar of Hepliaklqana.
  6371 | D:4      | Reached skill level 4 in Dodging
  6435 | D:4      | Reached XP level 7. HP: 39/39 MP: 7/11
  6624 | D:5      | Entered Level 5 of the Dungeon
  6706 | D:5      | Reached skill level 3 in Spellcasting
  6809 | D:5      | Found a radiant altar of Vehumet.
  6827 | D:5      | Reached skill level 2 in Fighting
  6918 | D:5      | Found a staircase to the Ecumenical Temple.
  6926 | D:5      | Reached skill level 4 in Short Blades
  6926 | D:5      | Reached skill level 7 in Stealth
  6932 | Temple   | Entered the Ecumenical Temple
  6985 | Temple   | Became a worshipper of Kikubaaqudgha
  7243 | D:5      | Noticed Grinder
  7566 | D:5      | Reached skill level 7 in Hexes
  7787 | D:5      | Killed Grinder
  7788 | D:5      | Reached skill level 5 in Dodging
  7788 | D:5      | Reached skill level 8 in Stealth
  7788 | D:5      | Reached XP level 8. HP: 19/45 MP: 8/13
  7984 | D:6      | Learned a level 3 spell: Tukima's Dance
  7988 | D:6      | Learned a level 3 spell: Dazzling Flash
  8065 | D:6      | Found a broken altar of Ashenzari.
  8095 | D:6      | Reached * piety under Kikubaaqudgha
  8095 | D:6      | Identified Kikubaaqudgha's Tome of Necromancy
                  | (Kikubaaqudgha gifted it to you on level 6 of the Dungeon)
  8095 | D:6      | Received a gift from Kikubaaqudgha
  8278 | D:6      | Found Munot's Jewellery Shoppe.
  8404 | D:6      | Reached skill level 5 in Short Blades
  9153 | D:7      | Identified a scarf of resistance (You found it on level 7
                  | of the Dungeon)
  9349 | D:7      | Reached skill level 1 in Necromancy
  9409 | D:7      | Found a runed translucent gate.
  9412 | D:7      | Found a runed translucent gate.
  9514 | D:7      | Found a sacrificial altar of Ru.
  9608 | D:7      | Found a runed translucent gate.
  9868 | D:3      | Killed Statics's ghost
  9869 | D:3      | Reached skill level 3 in Fighting
  9869 | D:3      | Reached skill level 9 in Stealth
  9869 | D:3      | Reached skill level 8 in Hexes
  9875 | D:3      | Reached skill level 6 in Dodging
 10293 | D:7      | Noticed monk26's ghost (novice GnDe)
 10341 | D:7      | Killed monk26's ghost
 10342 | D:7      | Reached skill level 6 in Short Blades
 10342 | D:7      | Reached skill level 4 in Spellcasting
 10342 | D:7      | Reached skill level 2 in Necromancy
 10342 | D:7      | Reached XP level 9. HP: 45/51 MP: 10/15
 10382 | D:7      | Reached ** piety under Kikubaaqudgha
 11006 | D:8      | Reached skill level 10 in Stealth
 11442 | D:8      | Noticed an unseen horror
 11446 | D:8      | Noticed a centaur warrior
 11455 | D:8      | Reached skill level 7 in Dodging
 11455 | D:8      | Reached skill level 3 in Necromancy
 11509 | D:8      | Noticed an unseen horror
 11549 | D:8      | Found a stormy altar of Qazlal.
 11550 | D:8      | Found a burning altar of Makhleb.
 11744 | D:8      | Killed an unseen horror
 11745 | D:8      | Reached skill level 4 in Fighting
 11745 | D:8      | Reached skill level 7 in Short Blades
 11745 | D:8      | Reached skill level 9 in Hexes
 11745 | D:8      | Reached XP level 10. HP: 38/56 MP: 9/16
 12182 | D:8      | Noticed Pikel
 12287 | D:8      | Reached skill level 11 in Stealth
 12322 | D:8      | Killed Pikel
 12377 | D:8      | Reached *** piety under Kikubaaqudgha
 12377 | D:8      | Identified Kikubaaqudgha's Catalogue of Evil Magic
                  | (Kikubaaqudgha gifted it to you on level 8 of the Dungeon)
 12377 | D:8      | Received a gift from Kikubaaqudgha
 12435 | D:8      | Found a hide-covered altar of Uskayaw.
 12435 | D:8      | Found a blossoming altar of Fedhas.
 12611 | D:8      | Found Fyoq Oqa's Jewellery Shop.
 12654 | D:8      | Killed a centaur warrior
 12655 | D:8      | Reached skill level 8 in Dodging
 12655 | D:8      | Reached skill level 4 in Necromancy
 12721 | D:9      | Reached skill level 5 in Spellcasting
 12747 | D:9      | Reached skill level 8 in Short Blades
 12890 | D:9      | Noticed Gastronok
 12928 | D:9      | Found a blossoming altar of Fedhas.
 12931 | D:9      | Noticed Erolcha
 12977 | D:9      | Killed Erolcha
 12978 | D:9      | Reached skill level 12 in Stealth
 13038 | D:9      | Found a staircase to the Lair.
 13075 | D:9      | Found a transporter.
 13081 | D:9      | Found a transporter.
 13257 | D:9      | Noticed Tommers's ghost (novice HOMo)
 13307 | D:9      | Found a sacrificial altar of Ru.
 13385 | D:9      | Reached XP level 11. HP: 62/62 MP: 10/18
 13412 | D:9      | Noticed a green ugly thing
 13840 | D:9      | Found a shadowy altar of Dithmenos.
 14053 | D:10     | Entered Level 10 of the Dungeon
 14057 | D:10     | Found the +5 scythe "Finisher" {speed, eviscerate}
 14140 | D:10     | Reached skill level 10 in Hexes
 14231 | D:10     | Found a staircase to the Orcish Mines.
 14457 | D:10     | Reached skill level 9 in Dodging
 14595 | D:10     | Reached skill level 5 in Fighting
 14748 | D:10     | Found Ukelipo's Book Shop.
 14815 | D:8      | Bought a +6 ring of intelligence for 643 gold pieces
 14821 | D:8      | Learned a level 3 spell: Vampiric Draining
 14826 | D:8      | Learned a level 4 spell: Dispel Undead
 14920 | D:10     | Noticed an unseen horror
 14969 | D:10     | Killed an unseen horror
 15095 | D:10     | Noticed a two-headed ogre
 15142 | D:10     | Killed a two-headed ogre
 15143 | D:10     | Reached skill level 9 in Short Blades
 15143 | D:10     | Reached skill level 5 in Necromancy
 15445 | D:11     | Found Kete's Antique Armour Shop.
 15454 | D:11     | Bought a buckler for 112 gold pieces
 15454 | D:11     | Noticed an unseen horror
 15459 | D:11     | Killed an unseen horror
 15460 | D:11     | Reached skill level 13 in Stealth
 15509 | D:11     | Noticed a two-headed ogre
 15512 | D:11     | Killed a two-headed ogre
 15606 | D:11     | Reached skill level 1 in Shields
 15639 | D:11     | Identified 4 potions of resistance
 15745 | D:11     | Noticed a deep elf high priest
 15912 | D:11     | Reached **** piety under Kikubaaqudgha
 16023 | Lair:1   | Entered Level 1 of the Lair of Beasts
 16106 | Lair:1   | Reached skill level 6 in Spellcasting
 16276 | Lair:1   | You fall into a shaft and drop 1 floor!
 16277 | Lair:2   | Noticed a four-headed hydra
 16278 | Lair:2   | Killed a four-headed hydra
 16279 | Lair:2   | Reached skill level 10 in Dodging
 16284 | Lair:2   | Reached XP level 12. HP: 68/68 MP: 16/21
 16366 | Lair:2   | Learned a level 4 spell: Animate Dead
 16380 | Lair:2   | Reached skill level 2 in Shields
 16626 | Lair:2   | Reached skill level 10 in Short Blades
 16638 | Lair:2   | Noticed an eight-headed hydra
 16676 | Lair:1   | Reached skill level 14 in Stealth
 16679 | Lair:1   | Reached skill level 6 in Necromancy
 16915 | Lair:1   | Noticed Sonja
 16917 | Lair:1   | Noticed Joseph
 16919 | Lair:1   | Killed Sonja
 16922 | Lair:1   | Killed Joseph
 17184 | Lair:1   | Reached skill level 6 in Fighting
 17255 | Lair:1   | Noticed a four-headed hydra
 17281 | Lair:1   | Killed a four-headed hydra
 17383 | Lair:2   | Identified a scroll of acquirement
 17383 | Lair:2   | Acquired the +12 Vampire's Tooth {vamp}
 17384 | Lair:2   | Found the +12 Vampire's Tooth {vamp}
 17422 | Lair:2   | Noticed a six-headed hydra
 17460 | Lair:2   | Reached ***** piety under Kikubaaqudgha
 17482 | Lair:2   | Killed a six-headed hydra
 17483 | Lair:2   | Reached skill level 3 in Shields
 17969 | Lair:2   | Reached skill level 11 in Dodging
 17998 | Lair:2   | Found a staircase to the Swamp.
 18027 | Lair:2   | Reached skill level 15 in Stealth
 18501 | Lair:3   | Reached XP level 13. HP: 75/75 MP: 15/23
 18574 | Lair:3   | Reached skill level 11 in Short Blades
 18990 | Lair:3   | Reached skill level 7 in Necromancy
 19090 | Lair:3   | Reached skill level 7 in Spellcasting
 19363 | Lair:2   | HP: 4/76 [eight-headed hydra (10)]
 19363 | Lair:2   | Mangled by an eight-headed hydra

Vanquished Creatures
  Erolcha (D:9)
  6 hydras
  A centaur warrior (D:8)
  2 two-headed ogres
  Sonja (Lair:1)
  The ghost of monk26 the Covert, a novice GnDe of Gozag (D:7)
  3 unseen horrors
  Pikel (D:8)
  An oklob plant (Lair:3)
  A cyclops (D:11)
  3 elephants (Lair:2)
  A black mamba (Lair:2)
  Joseph (Lair:1)
  A torpor snail (Lair:2)
  7 cane toads
  A rime drake (Lair:2)
  4 komodo dragons
  The ghost of Statics the Chopper, an amateur DsGl (D:3)
  Grinder (D:5)
  A hornet (D:11)
  12 blink frogs
  A meliai zombie (D:11)
  5 wraiths
  A wyvern (Lair:2)
  36 yaks
  2 basilisks
  A warg (D:10)
  7 water moccasins
  6 orc warriors
  5 ice beasts
  2 phantoms
  3 black bears
  14 wolves (Lair:2)
  3 ogres
  3 centaurs
  2 big kobolds
  10 bullfrogs
  A wyvern zombie (D:8)
  A scorpion (D:5)
  15 wights
  2 electric eels (D:9)
  10 howler monkeys
  3 bullfrog zombies
  3 centaur zombies
  3 bullfrog skeletons
  7 hounds
  A jelly (D:11)
  5 orc priests
  13 orc wizards
  A gnoll shaman (D:8)
  4 iguanas
  7 worker ants
  A hound skeleton (D:4)
  3 worker ant zombies
  Robin (D:2)
  6 gnolls
  A howler monkey skeleton (D:4)
  10 adders
  4 shadow imps
  2 white imps
  An ooze (D:1)
  A spectral adder (D:7)
  4 adder skeletons
  3 worms
  5 dart slugs
  13 leopard geckos
  33 orcs
  14 bats
  7 giant cockroaches
  25 goblins
  15 hobgoblins
  3 jackals (D:1)
  16 kobolds
  7 quokkas
  2 ball pythons
  5 frilled lizards
  A gnoll zombie (D:9)
  A leopard gecko skeleton (D:7)
  A quokka skeleton (D:5)
  7 rats
420 creatures vanquished.

Vanquished Creatures (others)
  An orc wizard (D:8)
  A bush (Lair:2)
  28 fungi
  44 plants
74 creatures vanquished.

Grand Total: 494 creatures vanquished

Table legend: (Time is in decaauts)
 A = Elapsed time spent in this place.
 B = Non-inter-level travel time spent in this place.
 C = Inter-level travel time spent in this place.
 D = Time resting spent in this place.
 E = Time spent auto-exploring this place.
 F = Levels seen in this place.
 G = Mean time per level.
                   A        B        C        D        E       F      G
               +--------+--------+--------+--------+--------+-----+--------+
         Total |  18948 |  16086 |   2862 |   5968 |      0 |  15 | 1263.2 |
       Dungeon |  15754 |  13159 |   2595 |   5144 |      0 |  11 | 1432.2 |
        Temple |     74 |     74 |      0 |      0 |      0 |   1 |   74.0 |
          Lair |   3119 |   2852 |    267 |    824 |      0 |   3 | 1039.7 |
               +--------+--------+--------+--------+--------+-----+--------+

Top non-repeatable levels by time:
     D:1: 2617 daAuts
     D:8: 2160 daAuts
     D:2: 1628 daAuts
     D:4: 1482 daAuts
  Lair:2: 1463 daAuts
     D:9: 1421 daAuts
     D:5: 1277 daAuts
     D:3: 1243 daAuts
    D:10: 1212 daAuts
     D:7: 1208 daAuts
  Lair:1: 902 daAuts
     D:6: 877 daAuts
  Lair:3: 752 daAuts
    D:11: 625 daAuts
  Temple: 74 daAuts

Table legend:
 A = Non-vault XP
 B = Vault XP
 C = Vault XP percentage of total XP
 D = Non-vault monster count
 E = Vault monster count
 F = Vault count percentage of total count
                 A         B        C        D         E       F
            +---------+---------+-------+---------+---------+-------
      Total |   35890 |   10395 |  22.5 |     317 |     103 |  24.5
            +---------+---------+-------+---------+---------+-------
        D:1 |      83 |      22 |  21.0 |      39 |       9 |  18.8
        D:2 |      77 |      28 |  26.7 |      16 |       8 |  33.3
        D:3 |      85 |     382 |  81.8 |      20 |       3 |  13.0
        D:4 |     362 |     114 |  23.9 |      19 |       8 |  29.6
        D:5 |     388 |     470 |  54.8 |      17 |       7 |  29.2
        D:6 |     244 |      31 |  11.3 |       6 |      16 |  72.7
        D:7 |     355 |     848 |  70.5 |       7 |       5 |  41.7
        D:8 |    1480 |    3183 |  68.3 |      31 |      12 |  27.9
        D:9 |    1926 |    1411 |  42.3 |      29 |       6 |  17.1
       D:10 |    2607 |    1260 |  32.6 |      23 |      18 |  43.9
       D:11 |    3383 |     167 |   4.7 |      20 |       2 |   9.1
     Lair:1 |    5283 |    1728 |  24.6 |      20 |       5 |  20.0
     Lair:2 |   13141 |     157 |   1.2 |      54 |       1 |   1.8
     Lair:3 |    6476 |     594 |   8.4 |      16 |       3 |  15.8
            +---------+---------+-------+---------+---------+-------
